 Dungeon Crawl Stone Soup version 0.27.1-1-g398f81649c (webtiles) character file.

Game seed: 164047322991314306

56 TheGamechu the Slasher (level 3, -6/33 HPs)
             Began as a Minotaur Monk on Sept 14, 2021.
             Killed from afar by Sigmund (10 damage)
             ... with a puff of flame
             ... on level 2 of the Dungeon.
             The game lasted 00:07:06 (1806 turns).

TheGamechu the Slasher (Minotaur Monk)              Turns: 1806, Time: 00:07:06

Health: -6/33      AC:  2    Str: 16    XL:     3   Next: 69%
Magic:  2/2        EV: 12    Int:  7    God:
Gold:   86         SH:  0    Dex: 12    Spells: 2/2 levels left

rFire    . . .     SeeInvis .   a - +0 falchion
rCold    . . .     Faith    .   (no shield)
rNeg     . . .     Spirit   .   b - +0 robe
rPois    .         Reflect  .   (helmet restricted)
rElec    .         Harm     .   (no cloak)
rCorr    .         Rampage  .   (no gloves)
Will     .....                  (no boots)
Stlth    ++........             (no amulet)
HPRegen  0.11/turn              (no ring)
MPRegen  0.08/turn              (no ring)

@: no status effects
A: horns 2, retaliatory headbutt
a: no special abilities


You were on level 2 of the Dungeon.
You visited 1 branch of the dungeon, and saw 2 of its levels.

You collected 86 gold pieces.

Inventory:

Hand Weapons
 a - a +0 falchion (weapon)
Missiles
 h - 51 stones (quivered)
Armour
 b - a +0 robe (worn)
Jewellery
 c - a +6 ring of intelligence
 g - a ring of fire
Scrolls
 j - a scroll of identify
Potions
 d - a potion of lignification
 e - a potion of attraction {unknown}
 f - a potion of flight {unknown}
 i - a potion of brilliance {unknown}
 k - a potion of curing {unknown}


   Skills:
 + Level 4.1 Fighting
 * Level 4.6 Long Blades
 + Level 1.0 Throwing
 + Level 1.7 Armour
 - Level 3.2 Dodging
 - Level 1.5 Stealth


You had 2 spell levels left.
You didn't know any spells.
Your spell library contained the following spells:

 Spells                   Type           Power      Damage    Failure   Level
 Fireball                 Conj/Fire      0%         3d3       100%        5
 Iskenderun's Battlesphe  Conj           0%         2d6       100%        5
 Conjure Ball Lightning   Conj/Air       0%         3x3d6     100%        6
 Orb of Destruction       Conj           0%         N/A       100%        7


Dungeon Overview and Level Annotations

Branches:
Dungeon (2/15)

Altars:

Annotations:
D:2 Sigmund


Innate Abilities, Weirdness & Mutations

You have a pair of horns on your head.
You reflexively headbutt those who attack you in melee.


Message History

You hit the kobold.
You kill the kobold!
No target in view!
h - 51 stones (gained 4);
k - a yellow potion You see here a +0 club.
Sigmund barely misses you. Sigmund barely misses you. You furiously retaliate!
You headbutt Sigmund, but do no damage.
You riposte.
You hit Sigmund but do no damage. You hit Sigmund.
Sigmund is lightly wounded.
You hit Sigmund.
Sigmund is moderately wounded.
Sigmund points at you and mumbles some strange words.
The magic dart hits you.
You closely miss Sigmund. You headbutt Sigmund.
Sigmund is heavily wounded.
Sigmund says, "Your kind have come here before.
I understand now why.
You desire death..."
Sigmund hits you with a +0 scythe!
You closely miss Sigmund. Your headbutt misses Sigmund.
Sigmund is heavily wounded.
Sigmund completely misses you.
You hit Sigmund.
Sigmund is heavily wounded.
You barely miss Sigmund.
Sigmund is heavily wounded.
Sigmund casts a spell.
Sigmund flickers and vanishes!
Deactivating autopickup; reactivate with Ctrl-A.
Something barely misses you.
You hit something. You hit something. Something hits you!
You hit something. Something hits you!
* * * LOW HITPOINT WARNING * * *
You hit something but do no damage. You hit something but do no damage.
You hear some strange, mumbled words.
A puff of flame appears from out of thin air!
The puff of flame hits you!
You die...

###### #.........#.# #.#
.....######.........#.# #.#
........).....#######.# #.#
..............# #.# #.#
..............# #.# #.#
..............# #.####.#
..............#######......#
.......................#####
..............##@.##...#
#####.......).##.{.#...#
####.....###.#.#...# #)###.#
#.#.....# #.# #.# #.##....#
#.# #.###.##....# ########.#
#.....###...# .........#
#########...## .........#
#............#


There were no monsters in sight!

Vanquished Creatures
  2 adders (D:2)
  A worm (D:2)
  2 ball pythons (D:2)
  3 endoplasms (D:2)
  2 giant cockroaches (D:2)
  4 goblins
  3 quokkas
  2 bats
  4 frilled lizards
  5 kobolds
  6 rats
  A spectral hobgoblin (D:1)
35 creatures vanquished.

Notes
Turn   | Place    | Note
-------+----------+-------------------------------------------
     0 | D:1      | TheGamechu the Minotaur Monk began the quest for the Orb.
     0 | D:1      | Reached XP level 1. HP: 19/19 MP: 0/0
   463 | D:1      | Found a faded altar of an unknown god.
   508 | D:1      | Reached XP level 2. HP: 27/27 MP: 1/1
   861 | D:2      | Reached skill level 1 in Armour
   972 | D:2      | Noticed Sigmund
  1107 | D:2      | Reached XP level 3. HP: 22/33 MP: 2/2
  1642 | D:2      | Reached skill level 1 in Throwing
  1806 | D:2      | Killed from afar by Sigmund

Illustrated notes

Levels and vault maps discovered:
D:1:      minmay_arrival_four_circles, layout_rooms,
          dreamdust_ecumenical_altar_drowned_temple, minivault_19
D:2:      layout_basic, uniq_sigmund

Skill      XL: |  1  2  3 |
---------------+----------+-----
Long Blades    | 4 |  4.6
Armour         | 1 |  1.7
Fighting       | 4 |  4.1
Throwing       | 1 |  1.0
Dodging        | |  3.2
Stealth        | |  1.5

Action                   || total
-------------------------++-------
Melee: Falchion          ||    89
       Headbutt          ||    20
Throw: Stone             ||    21
  Use: Scroll            ||     2
 Stab: Sleeping          ||     2
Armor: Robe              ||    17
Dodge: Dodged            ||    46
       Rpst.: Falchion   ||    10
